 Dungeon Crawl Stone Soup version 0.27-a0-1456-gf5a116941d (webtiles) character file.

Game seed: 16286552184625480502

961 dickylongcocking the Covered (level 8, -2/59 HPs)
             Began as a Djinni Wanderer on July 6, 2021.
             Was an Initiate of Makhleb.
             Slain by a phantom (4 damage)
             ... on level 5 of the Dungeon.
             The game lasted 00:07:15 (5855 turns).

dickylongcocking the Covered (Djinni Wanderer)      Turns: 5855, Time: 00:07:15

Health: -2/59      AC:  1    Str: 17    XL:     8   Next: 37%
Gold:   278        EV: 11    Int: 17    God:    Makhleb [......] SH:  0 Dex: 11

rFire    . . .     SeeInvis +   l - +5 lajatang of Dithmenos's Anger {venom, rF- Str+2 Int+3 SInv}
rCold    . . .     Faith    .   (shield currently unavailable)
rNeg     . . .     Spirit   .   (no armour)
rPois    ∞         Reflect  .   (no helmet)
rElec    .         Harm     .   n - +0 cloak
rCorr    .         Rampage  .   (no gloves)
Will     .....                  (boots unavailable)
Stlth    ++........             (no amulet)
HPRegen  0.19/turn              o - ring of ice
MPRegen  0.00/turn              (no ring)

@: on berserk cooldown, attractive, flying, slowed, very slow
A: sickness immunity, fire resistance 2, cold vulnerability 1, float, innate
caster, hp casting, extra vitality 1
a: Renounce Religion


You were on level 5 of the Dungeon.
You worshipped Makhleb.
Makhleb was noncommittal.
You visited 1 branch of the dungeon, and saw 6 of its levels.

You collected 278 gold pieces.

Inventory:

Hand Weapons
 a - a +0 club
 c - a +0 dagger
 d - a +2 dagger of venom
 l - the +5 lajatang of Dithmenos's Anger (weapon) {venom, rF- Str+2 Int+3 SInv}
   (You acquired it on level 5 of the Dungeon)

   It poisons the flesh of those it strikes.
   Str:       It affects your strength (+2).
   Int:       It affects your intelligence (+3).
   rF:        It makes you vulnerable to fire.
   SInv:      It lets you see invisible.
 x - a +3 antimagic quarterstaff
Missiles
 C - a throwing net
Armour
 b - a +2 scale mail
 n - a +0 cloak (worn)
Jewellery
 o - a ring of ice (left hand)
 t - a ring of protection from cold
Wands
 w - a wand of flame (2)
Scrolls
 e - a scroll of amnesia {unknown}
 g - 2 scrolls of immolation
 h - a scroll of acquirement
 i - 2 scrolls of magic mapping
 j - 5 scrolls of identify
 m - a scroll of enchant weapon
 p - a scroll of summoning {unknown}
 q - 3 scrolls of teleportation {unknown}
 u - a scroll of noise {unknown}
 v - a scroll of blinking {unknown}
 y - 2 scrolls of enchant armour {unknown}
Potions
 f - a potion of attraction
 k - a potion of haste {unknown}
 r - 4 potions of curing {unknown}
 s - a potion of lignification {unknown}
 z - a potion of cancellation {unknown}
 A - a potion of invisibility {unknown}


   Skills:
 * Level 5.1 Fighting
 - Level 0.5 Short Blades
 * Level 3.0 Staves
 - Level 1.0 Crossbows
 - Level 6.1 Armour
 - Level 2.6 Stealth
 - Level 1.0 Shields
 * Level 2.7 Spellcasting


You couldn't memorise any spells.
You knew the following spells:

 Your Spells              Type           Power      Damage    Failure   Level
b - Sting                 Tmut/Pois      44%        1d5       6%          1
c - Static Discharge      Conj/Air       11%        N/A       9%          2
d - Shock                 Conj/Air       44%        1d5       6%          1
e - Freeze                Ice            68%        1d8       6%          1
f - Blink                 Tloc           N/A        N/A       9%          2
i - Ignite Poison         Fire/Tmut/Pois 11%        N/A       19%         3
x - Mephitic Cloud        Conj/Pois/Air  11%        N/A       19%         3

Your spell library contained the following spells:

 Spells                   Type           Power      Damage    Failure   Level


Dungeon Overview and Level Annotations

Branches:
Dungeon (6/15)             Temple (0/1) D:5

Altars:
Makhleb
Uskayaw
Wu Jian
The Shining One

Shops:
D:1 (   D:2 (   D:5 [


Innate Abilities, Weirdness & Mutations

You are immune to sickness and miasma.
You are immune to poison.
Your flesh is very heat resistant. (rF++)
You are vulnerable to cold. (rC-)
You float through the air rather than walking.
You learn spells naturally, not from books.
Your magical power is your life essence.
You have superior vitality. (+4 HP)


Message History

You feel attractive to monsters. The phantom hits you.
Casting: Mephitic Cloud (dangerous; 22% risk of failure)
Confirm with . or Enter, or press ? or * to list all spells.
Okay, then.
As you read the scroll labelled LAMOHOASSI, it crumbles to dust.
It is a scroll of identify.
m - a scroll of enchant weapon The phantom barely misses you.
The phantom hits you.
The phantom blinks!
You blink.
This is a scroll of acquirement!
Something appears before you! The phantom barely misses you.
You feel magic returning to you.
You feel stronger.
You feel clever.
The +5 lajatang of Dithmenos's Anger {venom, rF- Str+2 Int+3 SInv} begins to drip with poison!
l - the +5 lajatang of Dithmenos's Anger (weapon)
{venom, rF- Str+2 Int+3 SInv} The phantom hits you!
* * * LOW HITPOINT WARNING * * *
The phantom blinks!
You blink.
Unknown command.
Okay, then.
Okay, then.
Okay, then.
Okay, then.
Okay, then.
Okay, then.
Okay, then.
As you read the scroll labelled BEDODA YMOMA, it crumbles to dust.
The creatures around you are filled with an inner flame!
It was a scroll of immolation.
The phantom hits you!
* * * LOW HITPOINT WARNING * * *
The phantom hits you.
* * * LOW HITPOINT WARNING * * *
The phantom blinks!
You blink.
Unknown command.
Okay, then.
As you read the scroll labelled PEOP KUFOSSU, it crumbles to dust.
You feel momentarily disoriented.
It was a scroll of magic mapping.
The phantom hits you.
You die...

######........#...#....####...#
#.............#.§.###### #...#
#.............#...# ##...###
#..........####...########.......
#.................))...".........
#......>................##.######
#######.##).......#####.##.# ##
#.##.....§.W# #)##.# ##≈
#.##......@.# #.)#.# ##≈≈
#.##........######.#.###≈≈≈
#.###'#####.#........##≈≈≈≈ #.#
#.# #.#.#####.##≈≈≈≈≈ #.###.#
#.#.# #.#≈≈≈≈≈≈ #.....#
#.#.#####.#≈≈≈≈≈≈ #######
#.#.......#≈≈≈≈≈≈
#.#######.'...... #############.#
#.'......


You could see a phantom (inner flame).

Vanquished Creatures
  A yak (D:5)
  A water moccasin (D:4)
  An ice beast (D:5)
  A black bear (D:4)
  An ogre (D:5)
  A kobold brigand (D:5)
  A jelly (D:5)
  A centaur skeleton (D:5)
  3 iguanas (D:5)
  An orc wizard (D:5)
  A scorpion zombie (D:5)
  A hound zombie (D:5)
  A hound skeleton (D:5)
  7 adders
  2 worms
  4 dart slugs
  15 orcs
  7 ball pythons
  2 endoplasms
  2 giant cockroaches
  7 goblins
  3 hobgoblins
  6 jackals
  9 kobolds
  3 quokkas
  9 bats
  5 frilled lizards
  5 rats
101 creatures vanquished.

Notes
Turn   | Place    | Note
-------+----------+-------------------------------------------
     0 | D:1      | dickylongcocking the Djinni Wanderer began the quest for
                  | the Orb.
     0 | D:1      | Reached XP level 1. HP: 20/20 MP: 0/0
     0 | D:1      | Noticed a red draconian
     0 | D:1      | Noticed an iron dragon
     2 | D:1      | Noticed an iron dragon
     4 | D:1      | Noticed a white draconian
     4 | D:1      | Noticed an orb of fire
     7 | D:1      | Noticed a shadow dragon
     8 | D:1      | Noticed an orb of fire
     9 | D:1      | Noticed a large abomination
    13 | D:1      | Noticed a shadow dragon
    15 | D:1      | Noticed a large abomination
    17 | D:1      | Noticed an orb of fire
    17 | D:1      | Noticed an iron dragon
    19 | D:1      | Noticed a shadow dragon
    19 | D:1      | Noticed an orb of fire
    21 | D:1      | Noticed a large abomination
   277 | D:1      | Reached XP level 2. HP: 23/25 MP: 0/0
   704 | D:1      | You are sucked into a shaft and drop 1 floor!
   734 | D:2      | Found Cufuh's Antique Weapon Shoppe.
   777 | D:2      | Reached XP level 3. HP: 29/30 MP: 0/0
   777 | D:2      | Learned a level 1 spell: Freeze
   856 | D:2      | Reached skill level 3 in Armour
   912 | D:2      | Noticed a golden eye
   914 | D:2      | Found a faded altar of an unknown god.
   916 | D:2      | Noticed a floating eye
   927 | D:2      | Noticed a golden eye
   938 | D:2      | Noticed an eye of devastation
  1159 | D:2      | Reached XP level 4. HP: 26/35 MP: 0/0
  1262 | D:3      | Reached skill level 4 in Armour
  1976 | D:3      | Reached XP level 5. HP: 39/40 MP: 0/0
  1976 | D:3      | Learned a level 2 spell: Blink
  2695 | D:1      | Found Dymunlabre's Weapon Shoppe.
  2710 | D:1      | Reached skill level 5 in Armour
  2991 | D:2      | Found a burning altar of Makhleb.
  3032 | D:2      | Became a worshipper of Makhleb the Destroyer
  3346 | D:4      | Noticed a black bear
  3358 | D:4      | Killed a black bear
  3359 | D:4      | Reached XP level 6. HP: 25/46 MP: 0/0
  3504 | D:4      | Reached skill level 6 in Armour
  3899 | D:4      | Found a glowing golden altar of the Shining One.
  3900 | D:4      | Found an ornate altar of the Wu Jian Council.
  3958 | D:5      | Entered Level 5 of the Dungeon
  4146 | D:5      | Found a hide-covered altar of Uskayaw.
  4190 | D:5      | Noticed a water moccasin
  4228 | D:4      | Killed a water moccasin
  4229 | D:4      | Reached skill level 1 in Staves
  4229 | D:4      | Reached skill level 1 in Spellcasting
  4229 | D:4      | Reached XP level 7. HP: 27/51 MP: 0/0
  4229 | D:4      | Learned a level 2 spell: Static Discharge
  4677 | D:5      | Found Luli's Armour Boutique.
  5169 | D:5      | Found a staircase to the Ecumenical Temple.
  5268 | D:5      | Noticed a yak
  5367 | D:5      | Reached XP level 8. HP: 21/58 MP: 0/0
  5376 | D:5      | Killed a yak
  5846 | D:5      | Reached skill level 5 in Fighting
  5852 | D:5      | Identified 2 scrolls of acquirement
  5852 | D:5      | Acquired the +5 lajatang of Dithmenos's Anger {venom, rF-
                  | Str+2 Int+3 SInv}
  5854 | D:5      | HP: 2/59 [phantom (3)]
  5855 | D:5      | Slain by a phantom

Illustrated notes

Levels and vault maps discovered:
D:1:      shiori_arrival_whats_in_store_for_you, layout_basic, serial_shops,
          shop, minmay_misc_feat_tiny
D:2:      layout_loops_cross, basic_altar, serial_shops, nicolae_square_shop,
          hellmonk_ecumenical_altar_watching_god
D:3:      minmay_chambers_of_twos, layout_loops_ring
D:4:      layout_loops_ring, gammafunk_temple_overflow_statue
D:5:      kennysheep_big_flooded_room, layout_basic, lemuel_round_altar,
          minmay_temple_entry_hall, serial_shops, shop
D:6:      layout_rooms

Skill      XL: |  1  2  3  4  5  6  7  8 |
---------------+-------------------------+-----
Armour         | 3 4 5 6 |  6.1
Staves         | 1 2 3 |  3.0
Spellcasting   | 1 2 |  2.7
Fighting       | 4 5 |  5.1
Short Blades   | |  0.5
Crossbows      | |  1.0
Stealth        | |  2.6
Shields        | |  1.0

Action                   |  1- 3 |  4- 6 |  7- 9 || total
-------------------------+-------+-------+-------++-------
Melee: Club              |    53 |       |       ||    53
       Dagger            |    66 |   185 |       ||   251
       Quarterstaff      |       |    15 |    69 ||    84
 Cast: Shock             |     3 |       |       ||     3
       Sting             |       |       |     4 ||     4
       Mephitic Cloud    |       |       |     2 ||     2
Evoke: Wand              |       |       |     2 ||     2
  Use: Potion            |     1 |     1 |     4 ||     6
       Scroll            |       |       |     4 ||     4
Armor: Scale mail        |   103 |   109 |    59 ||   271
Dodge: Dodged            |    77 |   109 |    62 ||   248

Table legend: (Time is in decaauts)
 A = Elapsed time spent in this place.
 B = Non-inter-level travel time spent in this place.
 C = Inter-level travel time spent in this place.
 D = Time resting spent in this place.
 E = Time spent auto-exploring this place.
 F = Levels seen in this place.
 G = Mean time per level.
                   A        B        C        D        E       F      G
               +--------+--------+--------+--------+--------+-----+--------+
         Total |   5897 |   5635 |    262 |    497 |   4148 |   6 |  982.8 |
       Dungeon |   5897 |   5635 |    262 |    497 |   4148 |   6 |  982.8 |
               +--------+--------+--------+--------+--------+-----+--------+

Top non-repeatable levels by time:
     D:5: 1673 daAuts
     D:1: 1234 daAuts
     D:3: 1217 daAuts
     D:4: 922 daAuts
     D:2: 843 daAuts
     D:6: 6 daAuts
